 Dungeon Crawl Stone Soup version 0.28.0 (webtiles) character file.

Game seed: 12313881108714170329

1061 MacCMillion the Poker (level 8, -1/59 (62) HPs)
             Began as a Merfolk Gladiator on Feb 5, 2022.
             Was a Priest of Qazlal.
             Slain by a yak (6 damage)
             ... on level 6 of the Dungeon.
             The game lasted 00:10:19 (5561 turns).

MacCMillion the Poker (Merfolk Gladiator)           Turns: 5561, Time: 00:10:20

HP:   -1/59 (62)    AC: 12    Str: 14    XL:     8   Next: 27%
MP:   21/21         EV: 13    Int:  7    God:    Qazlal [***...]
Gold: 212           SH:  9    Dex: 18    Spells: 13/13 levels left

rFire   + . .      SeeInvis .   a - +0 trident
rCold   + . .      Faith    .   h - +0 buckler
rNeg    . . .      Spirit   .   i - +3 ring mail
rPois   +          Reflect  .   c - +0 helmet
rElec   +          Harm     .   x - +1 cloak
rCorr   +          Rampage  .   y - +0 pair of gloves
Will    .....                   (no boots)
Stlth   +.........              (no amulet)
HPRegen 0.19/turn               j - ring of magical power
MPRegen 0.17/turn               (no ring)

@: resistant, lightly drained
A: (nimble swimmer 2), mertail
a: Renounce Religion, Upheaval, Elemental Force


You were on level 6 of the Dungeon.
You worshipped Qazlal.
Qazlal was most pleased with you.
You visited 1 branch of the dungeon, and saw 6 of its levels.

You collected 240 gold pieces.
You spent 28 gold pieces at shops.

Inventory:

Hand Weapons
 a - a +0 trident (weapon)
 f - a +1 dagger of holy wrath
Missiles
 d - a throwing net (quivered)
Armour
 c - a +0 helmet (worn)
 h - a +0 buckler (worn)
 i - a +3 ring mail (worn)
 x - a +1 cloak (worn)
 y - a +0 pair of gloves (worn)
Jewellery
 j - a ring of magical power (left hand)
 l - a ring of ice
Wands
 o - a wand of mindburst (1)
Scrolls
 b - a scroll of enchant armour {unknown}
 m - a scroll of fog {unknown}
 n - a scroll of amnesia {unknown}
 p - a scroll of torment {unknown}
 r - 4 scrolls of teleportation {unknown}
 t - a scroll of summoning {unknown}
 v - a scroll of magic mapping {unknown}
 w - a scroll of identify
Potions
 g - 6 potions of heal wounds
 k - 2 potions of degeneration
 q - 3 potions of curing
 s - a potion of invisibility
 u - a potion of attraction


   Skills:
 - Level 5.0 Fighting
 + Level 7.5 Polearms
 - Level 3.0 Throwing
 + Level 6.7 Dodging
 + Level 3.9 Shields
 - Level 3.0 Spellcasting


You had 13 spell levels left.
You didn't know any spells.
Your spell library contained the following spells:

 Spells                   Type           Power      Damage    Failure   Level
 Sting                    Tmut/Pois      4%         1d3       67%         1
 Poisonous Vapours        Pois/Air       2%         N/A       80%         2
 Tukima's Dance           Hex            1%         N/A       95%         3
 Anguish                  Hex/Necr       0%         N/A       100%        4
 Olgreb's Toxic Radiance  Pois           1%         N/A       100%        4
 Enfeeble                 Hex            0%         N/A       100%        7


Dungeon Overview and Level Annotations

Branches:
Dungeon (6/15)             Temple (0/1) D:6

Altars:
Qazlal

Shops:
D:1 ?

Annotations:
D:4 1 runed translucent door, hitsuchi's ghost, novice HOFi


Innate Abilities, Weirdness & Mutations

((You are very nimble when in or above water. (Stealth+, EV+, Speed+++)))
Your lower body shifts to a powerful aquatic tail in water.


Message History

The wight is attracted toward you. The yak is attracted toward you. x2
The wight is engulfed in blazing flames.
The yak is attracted toward you.
The yak is engulfed in blazing flames.
The wight completely misses you. The wight is attracted toward you.
You block the wight's attack. The wight is attracted toward you.
The wight is attracted toward you. The yak is attracted toward you.
The wight is attracted toward you. The yak is attracted toward you.
The wight is attracted toward you.
You hit the wight.
The wight is almost destroyed.
You block the yak's attack.
You completely miss the wight.
The wight is almost destroyed.
The wight hits you with a +0 dagger.
* * * LOW HITPOINT WARNING * * *
You feel drained. The wight hits you with a +0 hand axe.
* * * LOW HITPOINT WARNING * * *
You feel drained.
* * * LOW HITPOINT WARNING * * *
The wight is attracted toward you.
You feel less attractive to monsters.
You puncture the wight!
You destroy the wight!
Qazlal accepts your kill. You block the wight's attack. The yak gores you.
* * * LOW HITPOINT WARNING * * *
The yak gores you but does no damage. The wight hits you with a +0 hand axe.
* * * LOW HITPOINT WARNING * * *
You feel drained. You block the wight's attack.
Things that are here:
a +0 dagger; a +0 robe You hit the wight but do no damage.
The yak misses you. The wight misses you.
You hit the wight but do no damage. The yak gores you but does no damage.
You block the wight's attack. x2
You puncture the wight!
The wight is heavily damaged.
The yak gores you.
You die...

#########
#....z@.#
#.####Y##
#..§.zY#
#..#####
#z.# #..#
#..# #§.#
#..#


You could see 2 yaks and 2 wights.

Vanquished Creatures
  A yak (D:6)
  A water moccasin (D:6)
  A sky beast (D:6)
  A necrophage (D:4)
  Blork the orc (D:5)
  A wight (D:6)
  3 hounds
  A centaur skeleton (D:5)
  Ijyb (D:5)
  4 iguanas
  2 orc wizards (D:5)
  A hound skeleton (D:5)
  A howler monkey zombie (D:3)
  4 gnolls (D:5)
  A howler monkey skeleton (D:4)
  7 adders
  A white imp (D:5)
  An ufetubus (D:4)
  A worm (D:2)
  2 dart slugs (D:2)
  7 orcs
  6 bats
  7 endoplasms
  3 giant cockroaches
  4 goblins
  7 hobgoblins
  2 jackals (D:3)
  4 quokkas
  9 ball pythons
  A frilled lizard (D:2)
  4 kobolds
  8 rats
98 creatures vanquished.

Notes
Turn   | Place    | Note
-------+----------+-------------------------------------------
     0 | D:1      | MacCMillion the Merfolk Gladiator began the quest for the
                  | Orb.
     0 | D:1      | Reached XP level 1. HP: 16/16 MP: 1/1
   224 | D:1      | Reached XP level 2. HP: 23/23 MP: 2/2
   319 | D:1      | Found a faded altar of an unknown god.
   334 | D:1      | Prayed at the altar of an unknown god.
   334 | D:1      | Became a worshipper of Qazlal Stormbringer
   334 | D:1      | Reached * piety under Qazlal
   409 | D:1      | Found Muesm's Magic Scroll Boutique.
   414 | D:1      | Bought a scroll of identify for 28 gold pieces
   861 | D:2      | Reached XP level 3. HP: 28/28 MP: 4/4
  1000 | D:2      | Reached skill level 1 in Spellcasting
  1235 | D:2      | Reached XP level 4. HP: 34/34 MP: 5/5
  1269 | D:2      | Reached ** piety under Qazlal
  1270 | D:2      | Reached skill level 5 in Polearms
  1447 | D:3      | Reached skill level 1 in Shields
  2421 | D:4      | Reached XP level 5. HP: 23/41 MP: 7/7
  2598 | D:4      | Found a runed translucent door.
  2617 | D:4      | Noticed hitsuchi's ghost (novice HOFi)
  3003 | D:4      | Noticed a necrophage
  3013 | D:4      | Killed a necrophage
  3014 | D:4      | Reached skill level 5 in Dodging
  3014 | D:4      | Reached XP level 6. HP: 47/47 MP: 9/9
  3525 | D:5      | Entered Level 5 of the Dungeon
  3705 | D:5      | Noticed Ijyb
  3730 | D:5      | Killed Ijyb
  4131 | D:5      | Noticed Blork the orc
  4138 | D:5      | Killed Blork the orc
  4139 | D:5      | Reached skill level 6 in Polearms
  4276 | D:5      | Reached XP level 7. HP: 53/53 MP: 10/10
  5199 | D:6      | Found a staircase to the Ecumenical Temple.
  5255 | D:6      | Noticed a yak
  5255 | D:6      | Noticed a yak
  5284 | D:6      | Killed a yak
  5285 | D:6      | Reached skill level 7 in Polearms
  5285 | D:6      | Reached XP level 8. HP: 28/61 MP: 12/12
  5492 | D:6      | Noticed a yak
  5493 | D:6      | Noticed a yak
  5493 | D:6      | Noticed a yak
  5536 | D:6      | Reached *** piety under Qazlal
  5537 | D:6      | Reached skill level 5 in Fighting
  5561 | D:6      | Slain by a yak

Illustrated notes

Levels and vault maps discovered:
D:1:      dpeg_arrival_short_road, layout_basic, serial_shops, shop,
          ebering_ecumenical_altar_abandoned, solitary_fountain
D:2:      layout_loops_ring
D:3:      layout_loops_corners
D:4:      layout_cave_pods, ebering_ghost_sewer_d, serial_forest,
          infiniplex_forest_straight_3, infiniplex_forest_straight_4,
          infiniplex_forest_zigzag_1, infiniplex_forest_lined_2,
          infiniplex_forest_end_2
D:5:      layout_gridville, uniq_ijyb, uniq_blork_the_orc
D:6:      layout_basic, nicolae_wu_jian_immortal_techniques,
          minmay_temple_entry_water_ring, serial_shops, nicolae_lakefront_shop

Skill      XL: |  1  2  3  4  5  6  7  8 |
---------------+-------------------------+-----
Spellcasting   | 1 2 3 |  3.0
Polearms       | 5 6 7 |  7.5
Shields        | 1 2 3 |  3.9
Fighting       | 3 4 5 |  5.0
Throwing       | 3 |  3.0
Dodging        | 5 6 |  6.7

Action                   |  1- 3 |  4- 6 |  7- 9 || total
-------------------------+-------+-------+-------++-------
Melee: Trident           |    99 |   193 |   137 ||   429
       Punch             |       |     5 |       ||     5
Throw: Throwing net      |     1 |     1 |       ||     2
  Use: Scroll            |     1 |     2 |       ||     3
       Potion            |       |     2 |     2 ||     4
 Stab: Held in net/web   |     1 |     4 |       ||     5
       Invisible         |       |     5 |       ||     5
Armor: Leather armour    |     7 |       |       ||     7
       Ring mail         |    19 |    37 |    44 ||   100
Dodge: Dodged            |    46 |    84 |    64 ||   194
Block: Other             |     1 |     6 |       ||     7
       Buckler           |       |    13 |    58 ||    71
